 Dungeon Crawl Stone Soup version 0.23.0 (webtiles) character file.

Game seed: 18353722503817558807

72 fartymcfart the Skirmisher (level 4, -7/35 HPs)
             Began as a Demonspawn Fighter on Feb 15, 2019.
             Killed by nerve-wracking pain
             ... invoked by Jessica
              (13 damage)
             ... on level 2 of the Dungeon.
             The game lasted 00:01:19 (1247 turns).

fartymcfart the Skirmisher (Demonspawn Fighter)     Turns: 1247, Time: 00:01:20

Health: -7/35      AC:  7    Str: 16    XL:     4   Next: 6%
Magic:  4/4        EV:  4    Int: 10    God:
Gold:   126        SH: 13    Dex: 13    Spells: 3/3 levels left

rFire    . . .     SeeInvis .   a - +0 war axe
rCold    . . .     Gourm    .   h - +0 large shield
rNeg     . . .     Faith    .   b - +0 scale mail
rPois    .         Spirit   .   (helmet restricted)
rElec    .         Reflect  .   (no cloak)
rCorr    .         Harm     .   g - +0 pair of gloves
MR       .....                  (no boots)
Stlth    ..........             (no amulet)
HPRegen  0.11/turn              (no ring)
MPRegen  0.09/turn              (no ring)

@: no status effects
A: horns 1
a: no special abilities


You were on level 2 of the Dungeon.
You were hungry.

You visited 1 branch of the dungeon, and saw 2 of its levels.

You collected 126 gold pieces.

Inventory:

Hand Weapons
 a - a +0 war axe (weapon)
Armour
 b - a +0 scale mail (worn)
 c - a +0 shield
 g - a +0 pair of gloves (worn)
 h - a +0 large shield (worn)
Jewellery
 t - a +3 ring of strength {unknown}
Scrolls
 i - a scroll of enchant armour {unknown}
 m - a scroll of remove curse {unknown}
 n - 2 scrolls of identify {unknown}
 o - a scroll of noise {unknown}
 p - a scroll of enchant weapon {unknown}
 q - a scroll of magic mapping {unknown}
Potions
 d - a potion of might
 e - 3 potions of flight {unknown}
 j - a potion of curing {unknown}
 k - a potion of heal wounds {unknown}
 l - a potion of resistance {unknown}
 s - a potion of brilliance {unknown}
Comestibles
 f - 5 rations
 r - 4 chunks of flesh


   Skills:
 + Level 3.4 Fighting
 * Level 2.8 Axes
 + Level 3.1 Armour
 + Level 3.1 Shields


You had 3 spell levels left.
You didn't know any spells.
Your spell library was empty.

Dungeon Overview and Level Annotations

Branches:
Dungeon (2/15)

Altars:
Qazlal
Uskayaw

Annotations:
D:2 1 runed translucent door, Crazy Yiuf, Jessica


Innate Abilities, Weirdness & Mutations

You have a pair of small horns on your head.


Message History

Your shield and scale mail prevent you from hitting Jessica.
Jessica is almost dead.
You block Jessica's attack.
Jessica mumbles some strange words.
Jessica blinks!
You swing at nothing.
The rat bites you but does no damage.
You closely miss the rat.
Jessica gestures wildly while chanting.
Jessica blinks!
You block the rat's attack.
You slash the rat!
You kill the rat!
Jessica gestures wildly while chanting.
Jessica blinks!
You block the hobgoblin's attack.
You slash the hobgoblin!
You kill the hobgoblin!
Jessica casts a spell.
Jessica blinks!
Jessica gestures at you while chanting. Pain shoots through your body!
You die...

## #.# # #######
. ..# #. .......
# #.# #.#
..@.... # #.# ##
#.###.....§. #
#.#
#.###.@).......
# #.#
#..#.###.....§.
#####.# #.#.##
..$.... ......##
#.#.## .......
.......####....#
###.###
.........##.#..#
.#
#####.##.##.##.#
#
#####.##.##.##.#
....#.##.##.##.#


You could see Jessica.

Vanquished Creatures
  2 adders (D:2)
  3 worms (D:2)
  A leopard gecko (D:1)
  5 bats
  A giant cockroach (D:1)
  7 hobgoblins
  8 jackals (D:2)
  A quokka (D:2)
  2 ball pythons (D:2)
  3 frilled lizards (D:1)
  5 goblins
  A kobold (D:1)
  A rat (D:2)
40 creatures vanquished.

Notes
Turn   | Place    | Note
-------+----------+-------------------------------------------
     0 | D:1      | fartymcfart the Demonspawn Fighter began the quest for the
                  | Orb.
     0 | D:1      | Reached XP level 1. HP: 18/18 MP: 1/1
   326 | D:1      | Gained mutation: You have a pair of small horns on your
                  | head. [demonic ancestry]
   326 | D:1      | Reached XP level 2. HP: 24/24 MP: 2/2
   579 | D:2      | Reached XP level 3. HP: 21/29 MP: 3/3
  1087 | D:2      | Reached XP level 4. HP: 33/35 MP: 4/4
  1103 | D:2      | Found a runed translucent door.
  1104 | D:2      | Noticed Crazy Yiuf
  1152 | D:2      | Found a stormy altar of Qazlal.
  1153 | D:2      | Found a hide-covered altar of Uskayaw.
  1231 | D:2      | Noticed Jessica
  1247 | D:2      | Killed from afar by Jessica

Skill      XL: |  1  2  3 |
---------------+----------+-----
Axes           | 2 |  2.8
Armour         | 3 |  3.1
Shields        | 3 |  3.1
Fighting       | |  3.4

Action                   |  1- 3 |  4- 6 || total
-------------------------+-------+-------++-------
Melee: War axe           |   106 |    21 ||   127
       Headbutt          |    12 |     2 ||    14
  Eat: Chunk             |     1 |       ||     1
Armor: Scale mail        |    57 |     9 ||    66
Dodge: Dodged            |    16 |     3 ||    19
Block: Large shield      |    91 |    17 ||   108
       Shield            |     1 |       ||     1
